 Dungeon Crawl Stone Soup version 0.28.0-1-gb440e238dd (webtiles) character file.

Game seed: 12003331631895589786

17892 issech the Basher (level 12, -6/109 HPs)
             Began as a Troll Monk on Feb 26, 2022.
             Was a High Priest of Hepliaklqana.
             Mangled by a skeletal warrior (19 damage)
             ... led by a death knight
             ... on level 12 of the Dungeon.
             The game lasted 00:43:07 (11640 turns).

issech the Basher (Troll Monk)                     Turns: 11640, Time: 00:43:07

Health: -6/109     AC:  8    Str: 22    XL:     12   Next: 22%
Magic:  11/11      EV: 13    Int:  6    God:    Hepliaklqana [*****.]
Gold:   728        SH:  0    Dex: 16    Spells: 11/11 levels left

rFire   . . .      SeeInvis +   K - +2 morningstar (flame)
rCold   . . .      Faith    .   (no shield)
rNeg    . . .      Spirit   .   I - +0 acid dragon scales
rPois   .          Reflect  .   (helmet restricted)
rElec   .          Harm     .   (no cloak)
rCorr   +          Rampage  .   (gloves unavailable)
Will    +....                   (boots unavailable)
Stlth   +++.......              (no amulet)
HPRegen 1.08/turn               p - ring of willpower
MPRegen 0.12/turn               x - ring of see invisible

@: slowed, very slow
A: reduced essence, large, unfitting armour, claws 3, regeneration 1, shaggy fur
1, tough skin 1
a: Renounce Religion, Recall Ancestor, Ancestor Identity, Transference, Idealise


You were on level 12 of the Dungeon.
You worshipped Hepliaklqana.
Hepliaklqana was extremely pleased with you.
You visited 2 branches of the dungeon, and saw 13 of its levels.

You collected 728 gold pieces.

Inventory:

Hand Weapons
 u - a +0 shortbow
 y - a +0 dire flail
 G - a +0 giant spiked club of venom
 J - a +3 spear
 K - a +2 morningstar of flaming (weapon)
 S - a +2 long sword of freezing
 T - a +3 hand axe
Missiles
 a - 6 curare-tipped darts
 f - 271 stones (quivered)
 i - 8 boomerangs
 k - 6 bolts
 o - 15 poisoned darts
 t - 251 arrows
 P - 3 throwing nets
 V - 3 large rocks
 X - 18 sling bullets
Armour
 b - a +0 robe
 I - +0 acid dragon scales (worn)
 L - +0 steam dragon scales
Magical Staves
 H - a staff of earth
Jewellery
 p - a ring of willpower (left claw)
 x - a ring of see invisible (right claw)
 O - a ring of see invisible
 Z - a +6 ring of dexterity
Wands
 l - a wand of polymorph (10)
 B - a wand of digging (7)
 D - a wand of flame (19)
 M - a wand of mindburst (9)
 N - a wand of charming (5)
Scrolls
 c - a scroll of silence
 m - a scroll of blinking
 n - 2 scrolls of torment
 r - 3 scrolls of summoning
 s - 9 scrolls of teleportation
 v - a scroll of noise
 C - a scroll of magic mapping
 F - 3 scrolls of fog
 Q - 3 scrolls of enchant weapon
 W - a scroll of amnesia
Potions
 d - 3 potions of attraction {unknown}
 e - 3 potions of brilliance {unknown}
 g - 2 potions of degeneration {unknown}
 h - 2 potions of flight {unknown}
 j - 5 potions of lignification {unknown}
 q - 9 potions of curing {unknown}
 w - a potion of mutation {unknown}
 z - 2 potions of magic {unknown}
 A - 2 potions of berserk rage
 E - 4 potions of heal wounds {unknown}
 R - a potion of haste {unknown}
 Y - a potion of resistance {unknown}


   Skills:
 + Level 8.5 Fighting
 + Level 12.7 Maces & Flails
 + Level 1.0 Throwing
 + Level 2.1 Armour
 + Level 7.6 Dodging
 + Level 4.8 Stealth


You had 11 spell levels left.
You didn't know any spells.
Your spell library contained the following spells:

 Spells                   Type           Power      Damage    Failure   Level
 Blink                    Tloc           0%         N/A       67%         2
 Sublimation of Blood     Necr           0%         N/A       67%         2
 Wereblood                Tmut           0%         N/A       67%         2
 Dazzling Flash           Conj/Hex       0%         N/A       88%         3
 Lesser Beckoning         Tloc           0%         N/A       88%         3
 Airstrike                Air            0%         N/A       99%         4
 Petrify                  Tmut/Erth      0%         N/A       99%         4
 Summon Lightning Spire   Summ/Air       0%         N/A       99%         4
 Agony                    Necr           0%         N/A       100%        5
 Lightning Bolt           Conj/Air       0%         1d11      100%        5
 Manifold Assault         Tloc           0%         N/A       100%        5
 Metabolic Englaciation   Hex/Ice        0%         N/A       100%        5
 Silence                  Hex/Air        0%         N/A       100%        5
 Statue Form              Tmut/Erth      0%         N/A       100%        6
 Summon Hydra             Summ           0%         N/A       100%        7


Dungeon Overview and Level Annotations

Branches:
Dungeon (12/15)            Temple (1/1) D:5            Lair (0/6) D:8
    Orc (0/2) D:10

Altars:
Ashenzari
Cheibriados
Dithmenos
Elyvilon
Fedhas
Gozag
Hepliaklqana
Kikubaaqudgha
Makhleb
Nemelex Xobeh
Okawaru
Qazlal
Ru
Sif Muna
Trog
Uskayaw
Vehumet
Wu Jian
Xom
Yredelemnul
Zin
The Shining One

Shops:
D:7 (

Portals:
Trove: D:11 (give 2 scrolls of acquirement)

Annotations:
D:10 3 runed translucent doors, exclusion: obsidian statue
D:12 Snorg


Innate Abilities, Weirdness & Mutations

Your life essence is reduced to manifest your ancestor. (-10% HP)
You are too large for most types of armour.
You have claws for hands.
Your natural rate of healing is unusually fast.
You are covered in fur. (AC +1)
You have tough skin. (AC +1)


Message History

Snorg is no longer berserk.
You see here a +1 vorpal halberd.
The skeletal warrior hits you with a +2 vorpal mace!
Nenetl emerges from the mists of memory!
The wraith hits you! The wraith drains your vigour!
You feel as though you will be slow longer.
The wraith closely misses you.
You swap places.
The skeletal warrior hits Nenetl with a +2 vorpal mace.
The wraith hits Nenetl but does no damage.
Nenetl hits the wraith with a +0 quarterstaff!!
The skeletal warrior barely misses Nenetl.
The wraith hits Nenetl!
Nenetl hits the wraith with a +0 quarterstaff!!
The wraith is destroyed!
The skeletal warrior hits Nenetl with a +2 vorpal mace!!
Nenetl is destroyed!
The skeletal warrior hits you with a +2 vorpal mace!!
You hit the skeletal warrior. You burn the skeletal warrior.
The skeletal warrior is lightly damaged.
The skeletal warrior hits you with a +2 vorpal mace!
You puncture the skeletal warrior! You burn the skeletal warrior.
You claw the skeletal warrior, but do no damage.
The skeletal warrior is moderately damaged.
The skeletal warrior hits you with a +2 vorpal mace.
You hit the skeletal warrior but do no damage.
The skeletal warrior is moderately damaged.
Snorg looks more energetic.
The skeletal warrior closely misses you.
The skeletal warrior hits you with a +2 vorpal mace!
* * * LOW HITPOINT WARNING * * *
x2 Snorg goes berserk!
The skeletal warrior hits you with a +2 vorpal mace!
* * * LOW HITPOINT WARNING * * *
x2 The skeletal warrior hits you with a +2 vorpal mace.
* * * LOW HITPOINT WARNING * * *
x2 The skeletal warrior hits you with a +2 vorpal mace!
* * * LOW HITPOINT WARNING * * *
x2 The skeletal warrior hits you with a +2 vorpal mace!!
You die...

# #.............# #
#.............#### ########
#.#8###8###8#..... .......#
#.###########..### .......#
#.###..........### .......#
#................. .......#
#####.............
.......################.........<
..))))......W.Tz@..........###...
###)######################.......
#.'....................#.######
#.#....................#....>##
#.##..###############..#.#.#.#.
#..#...# #.............#.......
#..#...###.............#.#.#.#.
#..##...##..##########)#.#.#.##
#...#....#..#[.........#.#.#.#


You could see Snorg (berserk), a skeletal warrior and a wraith.

Vanquished Creatures
  Harold (D:8)
  A hydra (D:12)
  2 two-headed ogres
  A wolf spider (D:12)
  A gargoyle (D:12)
  An unseen horror (D:11)
  A kobold demonologist (D:12)
  A shadow (D:12)
  7 yaks
  2 wraiths (D:12)
  A wyvern (D:9)
  A vampire (D:10)
  Eustachio (D:6)
  2 vampire mosquitoes (D:10)
  2 acid dragons
  Duvessa (D:5)
  2 water moccasins
  2 orc warriors
  2 black bears (D:8)
  6 centaurs
  2 phantoms (D:4)
  3 bullfrogs
  5 scorpions
  Dowan (D:5)
  8 killer bees
  5 wights
  2 howler monkeys
  4 centaur zombies
  A bullfrog zombie (D:5)
  2 orc priests
  2 jellies (D:6)
  2 iguanas
  A scorpion zombie (D:5)
  An orc wizard (D:12)
  2 hound skeletons (D:4)
  2 howler monkey skeletons
  7 adders
  A shadow imp (D:7)
  A worm (D:4)
  A dart slug (D:4)
  12 orcs
  2 ball pythons (D:4)
  6 endoplasms
  4 giant cockroaches
  6 hobgoblins
  2 jackals (D:5)
  2 quokkas (D:2)
  5 bats (D:2)
  3 frilled lizards
  4 goblins
  12 kobolds
  4 rats
153 creatures vanquished.

Vanquished Creatures (collateral kills)
  A boulder beetle (D:12)
  A hydra (D:11)
  3 two-headed ogres
  A deep elf pyromancer (D:12)
  A cyclops (D:12)
  A manticore (D:10)
  Maggie (D:7)
  An unseen horror (D:12)
  A komodo dragon (D:8)
  Grinder (D:6)
  A slime creature (D:12)
  A meliai zombie (D:11)
  4 wraiths (D:12)
  3 yaks
  6 vampire mosquitoes
  Grum (D:8)
  A water moccasin (D:6)
  A black bear (D:8)
  An ice beast (D:6)
  A necrophage (D:7)
  2 ogres
  A centaur (D:9)
  2 wolves (D:8)
  A bullfrog (D:8)
  2 scorpions
  3 killer bees (D:11)
  3 wights
  2 howler monkeys (D:11)
  A bullfrog zombie (D:6)
  A jelly (D:7)
  4 hounds
  An orc wizard (D:12)
  A howler monkey skeleton (D:7)
  An adder (D:6)
  6 orcs
63 creatures vanquished.

Vanquished Creatures (others)
  8 battlemagi
  50 fungi (D:8)
  56 plants (D:8)
114 creatures vanquished.

Grand Total: 330 creatures vanquished

Notes
Turn   | Place    | Note
-------+----------+-------------------------------------------
     0 | D:1      | issech the Troll Monk began the quest for the Orb.
     0 | D:1      | Reached XP level 1. HP: 22/22 MP: 0/0
   156 | D:1      | Found a faded altar of an unknown god.
   527 | D:2      | Reached XP level 2. HP: 29/29 MP: 1/1
   570 | D:1      | Reached skill level 3 in Maces & Flails
   717 | D:2      | Reached XP level 3. HP: 28/36 MP: 2/2
  1190 | D:3      | Found a shimmering altar of Xom.
  1343 | D:3      | Reached XP level 4. HP: 43/44 MP: 3/3
  1822 | D:4      | Noticed a centaur
  1871 | D:4      | Killed a centaur
  1872 | D:4      | Reached skill level 4 in Maces & Flails
  1872 | D:4      | Reached XP level 5. HP: 17/53 MP: 4/4
  2120 | D:4      | Noticed a phantom
  2139 | D:4      | Killed a phantom
  2140 | D:4      | Reached XP level 6. HP: 55/61 MP: 5/5
  2489 | D:4      | Reached skill level 5 in Maces & Flails
  2712 | D:5      | Entered Level 5 of the Dungeon
  3019 | D:5      | Reached XP level 7. HP: 64/68 MP: 6/6
  3116 | D:5      | Found a staircase to the Ecumenical Temple.
  3132 | Temple   | Entered the Ecumenical Temple
  3308 | Temple   | Became a worshipper of Hepliaklqana the Forgotten
  3308 | Temple   | Reached * piety under Hepliaklqana
  3308 | Temple   | Reached ** piety under Hepliaklqana
  3309 | Temple   | Remembered your ancestor Nenetl as a battlemage
  3903 | D:5      | Reached skill level 6 in Maces & Flails
  3963 | D:5      | Noticed Duvessa
  3963 | D:5      | Noticed Dowan
  3976 | D:5      | Killed Duvessa
  3979 | D:5      | Killed Dowan
  4613 | D:6      | Reached XP level 8. HP: 70/70 MP: 7/7
  4809 | D:6      | Reached skill level 5 in Dodging
  4831 | D:6      | Reached skill level 7 in Maces & Flails
  4900 | D:6      | Noticed Eustachio
  4911 | D:6      | Killed Eustachio
  5491 | D:6      | Noticed Grinder
  5498 | D:6      | Killed Grinder
  5499 | D:6      | Reached skill level 8 in Maces & Flails
  5574 | D:7      | Reached *** piety under Hepliaklqana
  5580 | D:7      | Reached XP level 9. HP: 74/78 MP: 8/8
  5673 | D:7      | Reached skill level 5 in Fighting
  6279 | D:7      | Found Edewn's Antique Weapon Shoppe.
  6378 | D:7      | Noticed Maggie
  6391 | D:7      | Killed Maggie
  6393 | D:7      | Reached skill level 9 in Maces & Flails
  6816 | D:8      | Noticed Grum
  6826 | D:8      | Killed Grum
  6862 | D:8      | Noticed a komodo dragon
  7027 | D:9      | Noticed a two-headed ogre
  7046 | D:9      | Killed a two-headed ogre
  7047 | D:9      | Reached XP level 10. HP: 66/88 MP: 9/9
  7077 | D:9      | Reached skill level 10 in Maces & Flails
  7354 | D:8      | Found a staircase to the Lair.
  7581 | D:8      | Noticed Harold
  7598 | D:8      | Killed Harold
  7621 | D:8      | Reached **** piety under Hepliaklqana
  8148 | D:9      | Reached skill level 11 in Maces & Flails
  8632 | D:10     | Entered Level 10 of the Dungeon
  8741 | D:10     | Found a white marble altar of Elyvilon.
  8754 | D:10     | Found a runed translucent door.
  8770 | D:10     | Found a runed translucent door.
  8793 | D:10     | Found a runed translucent door.
  8806 | D:10     | Found a runed translucent door.
  8829 | D:10     | Noticed an obsidian statue
  8878 | D:10     | Noticed a manticore
  8882 | D:10     | Noticed a two-headed ogre
  8885 | D:10     | Killed a manticore
  8886 | D:10     | Reached XP level 11. HP: 87/98 MP: 10/10
  8890 | D:10     | Killed a two-headed ogre
  9158 | D:10     | Found a staircase to the Orcish Mines.
  9169 | D:10     | Noticed a two-headed ogre
  9292 | D:10     | Killed a two-headed ogre
  9790 | D:11     | Noticed a two-headed ogre
  9799 | D:11     | Killed a two-headed ogre
  9869 | D:11     | Found a portal to a secret trove of treasure.
  9872 | D:11     | Reached ***** piety under Hepliaklqana
  9875 | D:11     | Noticed a four-headed hydra
  9882 | D:11     | Killed a four-headed hydra
 10217 | D:11     | Reached skill level 12 in Maces & Flails
 10939 | D:12     | Noticed a seven-headed hydra
 10943 | D:12     | Killed a seven-headed hydra
 11012 | D:12     | Noticed a deep elf pyromancer
 11013 | D:12     | Noticed a wolf spider
 11027 | D:12     | Killed a wolf spider
 11028 | D:12     | Reached XP level 12. HP: 19/109 MP: 11/11
 11051 | D:12     | HP: 5/109 [deep elf pyromancer/bolt of fire (25)]
 11069 | D:12     | Reached skill level 1 in Throwing
 11069 | D:12     | Reached skill level 1 in Armour
 11186 | D:12     | Noticed a boulder beetle
 11200 | D:12     | Killed a boulder beetle
 11407 | D:12     | Noticed a two-headed ogre
 11417 | D:12     | Killed a two-headed ogre
 11588 | D:12     | Noticed Snorg
 11640 | D:12     | Mangled by a skeletal warrior

Illustrated notes

Levels and vault maps discovered:
D:1:      matt_arrival_los_fun, layout_rooms, ebering_ecumenical_altar_hall
D:2:      kb_forest_paths, layout_rooms, hex_medium
D:3:      layout_rooms, xom_teletrap_fun, minmay_misc_feat_enclosed
D:4:      cheibrodos_helix_gallery, layout_basic
D:5:      layout_layer_cave, temple_pool_b, uniq_duvessa
D:6:      layout_loops_corners, nicolae_figureground_sparkle, uniq_grinder,
          uniq_eustachio
D:7:      layout_basic, serial_shops, shop_statue, minmay_misc_feat_nine_boxes,
          uniq_maggie
D:8:      layout_basic, due_lair_maze_entry_diamond, uniq_grum, uniq_harold
D:9:      layout_rooms, chequers_arboretum
D:10:     layout_cave_pools, mainiacjoe_overflow_surrounded_room,
          minmay_stone_trees_small, minmay_statue_crystal_thing
D:11:     layout_cave_pools, enter_trove_1, lightli_orcish_oven
D:12:     minmay_quarter_circles, layout_basic, serial_corexii_hall,
          chequers_hall_statues_y, corexii_hall_statues_i,
          nicolae_shop_fire_sale [nicolae_sub_dead_trees],
          hangedman_tell_no_tales, uniq_snorg, uniq_josephine
Temple:   mainiacjoe_temple_big_plus

Skill      XL: |  1  2  3  4  5  6  7  8  9 10 11 12 |
---------------+-------------------------------------+-----
Maces & Flails | 3 4 5 6 8 9 11 12 | 12.7
Fighting       | 3 4 6 7 8 |  8.5
Dodging        | 3 4 5 6 7 |  7.6
Stealth        | 2 3 4 |  4.8
Throwing       | 1 |  1.0
Armour         | 2 |  2.1

Action                   |  1- 3 |  4- 6 |  7- 9 | 10-12 || total
-------------------------+-------+-------+-------+-------++-------
Melee: Mace              |   127 |   194 |    24 |       ||   345
       Punch             |     1 |     5 |     1 |     5 ||    12
       Giant club        |       |       |    64 |       ||    64
       Morningstar       |       |       |    48 |   246 ||   294
       Giant spiked club |       |       |    45 |       ||    45
Throw: Stone             |       |       |     1 |     8 ||     9
Invok: Ancestor Life: Ba |       |       |     1 |       ||     1
  Use: Scroll            |       |       |     8 |     5 ||    13
 Stab: Sleeping          |     2 |     3 |       |     4 ||     9
       Distracted        |       |       |     1 |     9 ||    10
Armor: Robe              |    57 |    65 |    24 |       ||   146
       Steam dragon scal |       |       |    12 |    65 ||    77
       Acid dragon scale |       |       |       |    17 ||    17
Dodge: Dodged            |   107 |   131 |   168 |   205 ||   611
